Description

This is Maru's go-to TvP build. It is adaptable against any Protoss build.

VOD

https://youtu.be/o1zJESiQ4zQ?t=674

Replay - Acropolis LE (14)

Build Order

Get SALT Encoding   

  12  0:00  SCV  
  13  0:13  SCV  
  14  0:17  Supply Depot  
  14  0:25  SCV  
  15  0:38  SCV  
  15  0:40  Barracks  
  16  0:45  Refinery  
  16  0:50  SCV  
  17  1:02  SCV  
  18  1:15  SCV  
  19  1:27  Orbital Command  
  19  1:28  Reaper  
  20  1:43  Command Center  
  20  1:53  SCV  
  21  1:57  Supply Depot  
  21  2:00  Marine  
  22  2:09  SCV  
  22  2:13  Bunker  
  23  2:18  Factory  
  24  2:22  SCV  
  24  2:24  Barracks Reactor  
  24  2:32  Refinery  
  26  2:55  Orbital Command  
  26  3:00  Marine x2  
  26  3:02  Starport  
  26  3:04  Factory Tech Lab  
  30  3:18  Marine x2  
  32  3:23  Cyclone  
  37  3:40  Barracks  
  37  3:41  Viking  
  41  3:48  Supply Depot  
  41  3:55  Engineering Bay  
  43  4:05  Factory Tech Lab  
  43  4:13  Refinery  
  45  4:17  Supply Depot  
  45  4:23  Raven, Marine x2  
  49  4:28  Stimpack  
  49  4:33  Barracks  
  49  4:38  Supply Depot  
  51  4:44  Marine x3  
  61  5:10  Factory Reactor  
  63  5:15  Starport Reactor  
  64  5:23  Marauder  
  69  5:29  Marauder  
  73  5:48  Widow Mine x2  
  73  5:49  Marauder  
  83  5:53  Medivac x2  
  91  6:12  Refinery  
  91  6:15  Command Center  
  91  6:24  Barracks x2  
Spawning Tool Build Advisor. Get it on Overwolf

Analysis

We know Maru used the same build (with minor adjustments) against Trap in the last GSL semi final. People attribute his defeat against Trap to his lack of diversity in builds and strategies. But I believe his decision has much to do with the state of the match up and the map pool. His build is very solid for ladder games.

Maru always starts with a 16 Refinery Reaper expand into 1-1-1, and then he puts down two more Barracks for a 3-1-1 Stim and Medivac move out timing. The Cyclone and Viking are mainly used to defend against Stargate tech.

The goal is to make a timing attack at Protoss' third Nexus with bio, two Medivacs, 2-4 Widow Mines, and a Raven. You should have +1 Infantry attack, Stim, and Combat Shield too. The Raven is critical to the push, so make sure you are careful with its positioning.

You can make some adjustments to the build if you know opponent is not using a Stargate build. For example, you can make a Siege Tank after the Cyclone against Twilight Council tech.

This build is featured in the September issue of the Metagame Build Order series on TerranCraft.

Go to:

Details

Become a Patron
  • Created by: Maxilicious  
  • Published on: Sep 30, 2019
  • Modified on: Oct 17, 2019
  • Patch: 4.7.1
Show
View Real Time Build Order
Export as new Build Order

Comments (6)

On Jan. 8, 2022, 7:57 p.m., manimgoindowndown  said:

What an absolutely complex and garbage build that doesn't even fucking line up with the timing

On Dec. 13, 2019, 8:46 a.m., Cytrus  said:

@dreamdust413
If protoss chooses not to go starport, Maru instead builds 2 mines and a medivac and goes for a mine drop.

On Nov. 8, 2019, 11:33 p.m., dreamdust413  said:

Only strong if protoss choose stargate route, get rekt with every other build for protoss
economy behind in every way, 3rd base way too late, a timing attack that don't have the power to kill protoss, and lead to free win for your opponent in 13~15 min game. n, even if protoss go stargate, it can switch to colossus and hold the push.

if you do win the match, is not because the strategy, is protoss choose to have 3rd base and blindly add probe. and let himself with no army to defense.

On Oct. 29, 2019, 12:52 p.m., dahx2004  said:

After 43 supply factory tech lab/factory reactor should be changed to barracks “”””.No??

On Oct. 27, 2019, 10:12 a.m., Dimitri  said:

Build Order is missing that you start +1 Infantry Weapons before Stim.

On Oct. 11, 2019, 10:58 a.m., Boogar  said:

Why isnt Maru scouting n the beginning, wouldn't he die to a proxy?

Create an account to comment!